 Dungeon Crawl Stone Soup version 0.27-a0-412-g8dd771eca2 (webtiles) character file.

Game seed: 18257365106414953957

26555 Bapho the Fencer (level 12, -4/144 (156) HPs)
             Began as a Black Draconian Berserker on Feb 24, 2021.
             Was an Elder of Trog.
             Slain by a hell rat (7 damage)
             ... on level 4 of the Lair of Beasts.
             The game lasted 00:51:26 (20232 turns).

Bapho the Fencer (Black Draconian Berserker)       Turns: 20232, Time: 00:51:27

HP:   -4/144 (156)  AC: 17    Str: 20    XL:     12   Next: 99%
MP:   21/21         EV: 17    Int: 13    God:    Trog [****..]
Gold: 979           SH:  0    Dex: 16    Spells: 11/11 levels left

rFire    . . .     SeeInvis +   a - +4 great sword
rCold    + . .     Faith    .   (shield currently unavailable)
rNeg     + . .     Spirit   .   (armour unavailable)
rPois    .         Reflect  .   V - +2 hat
rElec    +         Harm     .   o - +2 cloak
rCorr    .         Rampage  .   A - +0 pair of gloves
Will     +....                  N - +2 pair of boots
Stlth    ..........             (no amulet)
HPRegen  0.34/turn              U - +6 ring of intelligence
MPRegen  0.17/turn              P - ring "Vysosima" {rC+ rN+ Will+ MP+9 SInv}

@: berserking, drained, very quick
A: breathe lightning, unfitting armour, electricity resistance, cold-blooded, AC
+8
a: Breathe Lightning, Renounce Religion, Berserk, Trog's Hand, Brothers in Arms


You were on level 4 of the Lair of Beasts.
You worshipped Trog.
Trog was greatly pleased with you.
You visited 2 branches of the dungeon, and saw 16 of its levels.
You also visited: Ossuary.

You collected 1132 gold pieces.
You spent 153 gold pieces at shops.

Inventory:

Hand Weapons
 a - a +4 great sword (weapon)
 b - a +0 shortbow
 l - a +0 falchion
 I - a +1 long sword
 L - the +0 scimitar of Vescha {freeze, rPois rN+}
   (You bought it in a shop on level 8 of the Dungeon)

   It has been specially enchanted to freeze those struck by it, causing extra
   injury to most foes and up to half again as much damage against particularly
   susceptible opponents.
   It can also slow down cold-blooded creatures.
   It protects you from poison.
   It protects you from negative energy.
Missiles
 k - 519 stones (quivered)
 B - 207 arrows
Armour
 o - a +2 cloak (worn)
 A - a +0 pair of gloves (worn)
 N - a +2 pair of boots (worn)
 V - a +2 hat (worn)
Jewellery
 c - a ring of resist corrosion
 u - an amulet of faith
 v - a ring of resist corrosion
 C - a ring of willpower
 P - the ring "Vysosima" (right hand) {rC+ rN+ Will+ MP+9 SInv}
   (You took it off an orc on level 10 of the Dungeon)

   [ring of magical power]

   It protects you from cold.
   It protects you from negative energy.
   It affects your willpower, your defense against some magical effects.
   It affects your magic capacity (+9).
   It lets you see invisible.
 T - a ring of magical power
 U - a +6 ring of intelligence (left hand)
Wands
 q - a wand of acid (5)
 H - a wand of flame (34)
 M - a wand of iceblast (22)
 Q - a wand of digging (8)
 S - a wand of mindburst (18)
Scrolls
 d - 10 scrolls of teleportation
 f - 4 scrolls of amnesia {unknown}
 i - 6 scrolls of fear
 m - 2 scrolls of enchant armour
 x - 4 scrolls of immolation
 y - 2 scrolls of torment {unknown}
 J - 7 scrolls of identify
 O - 3 scrolls of blinking {unknown}
 R - a scroll of magic mapping {unknown}
 W - a scroll of holy word
 X - 2 scrolls of fog
Potions
 e - 3 potions of lignification
 g - 2 potions of attraction
 h - 3 potions of haste
 j - 2 potions of invisibility
 n - 2 potions of brilliance
 p - 4 potions of resistance
 r - 2 potions of berserk rage
 s - a potion of flight
 t - 2 potions of magic
 w - 3 potions of mutation
 z - a potion of cancellation {unknown}
 D - 5 potions of heal wounds
 E - 7 potions of curing
 F - 3 potions of degeneration
 G - a potion of might
 K - a potion of ambrosia {unknown}


   Skills:
 - Level 9.1 Fighting
 * Level 18.1 Long Blades
 - Level 7.6 Dodging


You had 11 spell levels left.
You didn't know any spells.
Your spell library contained the following spells:

 Spells                   Type           Power        Failure   Level
 Beastly Appendage        Tmut           0%           30%         1
 Magic Dart               Conj           0%           30%         1
 Searing Ray              Conj           0%           43%         2
 Wereblood                Tmut           0%           43%         2
 Dazzling Flash           Conj/Hex       0%           67%         3
 Spider Form              Tmut/Pois      0%           67%         3
 Fulminant Prism          Conj/Hex       0%           97%         4
 Ice Form                 Ice/Tmut       0%           97%         4
 Iskenderun's Mystic Bla  Conj/Tloc      0%           97%         4
 Blade Hands              Tmut           0%           100%        5


Dungeon Overview and Level Annotations

Branches:
Dungeon (12/15)            Temple (0/1) D:5            Lair (4/6) D:8
 Spider (0/4) Lair:3      Ossuary (visited)
  Swamp: Lair:2-4    Shoals: Lair:2-4       Orc: D:9-12

Altars:
Fedhas
Gozag
Nemelex Xobeh
Uskayaw
Wu Jian

Shops:
D:7 [   D:8 (

Portals:
Trove: D:10 (show slimy rune of Zot)

Annotations:
D:4 exclusion: oklob plant
D:7 4 runed translucent doors


Innate Abilities, Weirdness & Mutations

You can breathe wild blasts of lightning.
Your glossy black scales are hard. (AC +8)
You cannot fit into any form of body armour.
You are resistant to electric shocks. (rElec)
You are cold-blooded and may be slowed by cold attacks.


Message History

A hell rat comes into view. x2
You see here an arrow.
The hell rat closely misses you.
You riposte.
The hell rat roars deafeningly!
You slice the hell rat!!
You kill the hell rat!
Trog accepts your kill.
You see here a hell rat corpse.
The hell rat bites you. The hell rat closely misses you.
The hell rat bites you but does no damage.
You are too injured to fight recklessly!
You hit the hell rat.
The hell rat is moderately wounded.
The hell rat closely misses you. x2; The hell rat misses you.
You barely miss the hell rat.
The hell rat is moderately wounded.
The hell rat misses you. The hell rat bites you! You partially resist.
You feel drained. The hell rat closely misses you.
You barely miss the hell rat.
The hell rat is moderately wounded.
The hell rat bites you! You partially resist.
You feel drained.
* * * LOW HITPOINT WARNING * * *
The hell rat bites you!
* * * LOW HITPOINT WARNING * * *
You partially resist.
You feel drained.
* * * LOW HITPOINT WARNING * * *
The hell rat barely misses you.
You riposte.
You hit the hell rat.
The hell rat is moderately wounded.
A red film seems to cover your vision as you go berserk!
You feel yourself moving faster!
You feel mighty! The hell rat bites you.
* * * LOW HITPOINT WARNING * * *
The hell rat bites you!
* * * LOW HITPOINT WARNING * * *
You partially resist.
You feel drained.
* * * LOW HITPOINT WARNING * * *
The hell rat closely misses you.
You barely miss the hell rat.
The hell rat is moderately wounded.
The hell rat bites you!
You die...

#............#
##.........##
###..........###
###....###......P#
###......# #####...#
##......(.## #.##..
###......(...### #####.
##....r........P# ####.#
......r@†......[# #.....
......r..(.....## #.....
#.#.....(.....## #P.....
...............##.......
#.......................
#.#............##.......
. ##.......#.P.. .......
#..###.###### .......
.....


You could see 3 hell rats.

Vanquished Creatures
  Gastronok (Lair:2)
  2 boulder beetles (D:11)
  2 hydras (Lair:4)
  2 two-headed ogres
  An unseen horror (D:11)
  A wolf spider (D:11)
  A deep elf pyromancer (D:10)
  A cyclops (D:11)
  3 ugly things
  A black mamba (Lair:3)
  6 elephants (Lair:4)
  A black mamba (shapeshifter) (D:11)
  Maggie (D:7)
  9 cane toads
  A rime drake (Lair:2)
  2 komodo dragons
  Grinder (D:3)
  9 blink frogs
  2 shadows
  A vampire (D:11)
  3 wraiths (D:10)
  11 yaks
  2 wyverns
  A steam dragon (D:11)
  11 water moccasins
  A soldier ant (D:10)
  6 sky beasts
  An ice beast (D:7)
  An eye of draining (D:5)
  2 orc warriors
  A necrophage (D:11)
  A black bear (Lair:4)
  3 ogres
  4 centaurs
  3 wolves (Lair:1)
  A phantom (D:10)
  Blork the orc (D:6)
  11 bullfrogs
  An elf skeleton (D:5)
  A wyvern zombie (D:10)
  9 scorpions
  A water moccasin skeleton (D:6)
  13 killer bees
  10 wights
  A howler monkey (D:5)
  An electric eel (Lair:1)
  4 centaur zombies
  2 hounds (D:9)
  2 jellies
  Crazy Yiuf (D:3)
  3 bullfrog skeletons
  2 human skeletons (D:5)
  2 centaur skeletons
  4 iguanas
  Ijyb (D:4)
  Terence (D:3)
  5 worker ants
  3 orc wizards
  A hell rat (Lair:4)
  3 mummies (Ossuary)
  A howler monkey zombie (D:7)
  10 adders
  4 scorpion zombies (Ossuary)
  A white imp (D:5)
  2 ufetubi
  3 adder skeletons
  3 worms
  The ghost of mojasp the Sneak, a weakling DgDe (D:5)
  2 dart slugs (D:2)
  5 leopard geckos
  21 orcs
  7 giant cockroaches
  7 goblins
  9 hobgoblins
  2 jackals (D:8)
  6 quokkas
  A ball python (D:2)
  13 bats
  3 frilled lizards (D:1)
  5 gnoll zombies (Ossuary)
  A goblin zombie (Ossuary)
  A hobgoblin zombie (Ossuary)
  5 kobolds
  5 kobold zombies (Ossuary)
  A leopard gecko skeleton (D:5)
  An orc skeleton (D:5)
  4 orc zombies
  7 rats
314 creatures vanquished.

Vanquished Creatures (others)
  5 fungi
  17 plants
22 creatures vanquished.

Grand Total: 336 creatures vanquished

Notes
Turn   | Place    | Note
-------+----------+-------------------------------------------
     0 | D:1      | Bapho the Draconian Berserker began the quest for the Orb.
     0 | D:1      | Reached XP level 1. HP: 19/19 MP: 1/1
   247 | D:1      | Reached XP level 2. HP: 12/26 MP: 2/2
  1169 | D:2      | Reached XP level 3. HP: 22/33 MP: 3/3
  1592 | D:2      | Reached ** piety under Trog
  1720 | D:2      | Reached skill level 4 in Long Blades
  2195 | D:2      | Reached XP level 4. HP: 40/40 MP: 4/4
  2641 | D:3      | Found a runed translucent door.
  2642 | D:3      | Noticed Crazy Yiuf
  2893 | D:3      | Noticed Grinder
  2903 | D:3      | Paralysed by Grinder for 5 turns
  2910 | D:3      | Killed Grinder
  2911 | D:3      | Reached skill level 5 in Long Blades
  2911 | D:3      | Reached XP level 5. HP: 22/47 MP: 5/5
  2911 | D:3      | Reached XP level 6. HP: 25/53 MP: 6/6
  3145 | D:3      | Noticed Terence
  3162 | D:3      | Killed Terence
  3666 | D:3      | Killed Crazy Yiuf
  4119 | D:4      | Noticed Ijyb
  4132 | D:4      | Killed Ijyb
  4298 | D:4      | Found a blossoming altar of Fedhas.
  4315 | D:4      | Noticed an oklob plant
  4386 | D:4      | Reached skill level 5 in Fighting
  4925 | D:5      | Entered Level 5 of the Dungeon
  5172 | D:5      | Reached skill level 6 in Long Blades
  5184 | D:5      | Your scales start taking on a glossy black colour.
  5184 | D:5      | Reached XP level 7. HP: 60/61 MP: 7/7
  5184 | D:5      | Gained mutation: You are resistant to electric shocks.
                  | (rElec) [Black Draconian growth]
  5189 | D:5      | Found a sand-covered staircase.
  5194 | Ossuary  | Entered an ossuary
  5256 | Ossuary  | Reached *** piety under Trog
  5594 | Ossuary  | Reached skill level 7 in Long Blades
  5852 | Ossuary  | Reached skill level 5 in Dodging
  5852 | Ossuary  | Reached XP level 8. HP: 64/70 MP: 8/8
  6389 | D:5      | Found a hide-covered altar of Uskayaw.
  6389 | D:5      | Found an opulent altar of Gozag.
  6390 | D:5      | Found an ornate altar of the Wu Jian Council.
  6459 | D:5      | Found a runed translucent door.
  6486 | D:5      | Noticed mojasp's ghost (weakling DgDe)
  6512 | D:5      | Found a staircase to the Ecumenical Temple.
  7160 | D:5      | Killed mojasp's ghost
  7166 | D:5      | Reached skill level 8 in Long Blades
  7276 | D:6      | Found a sparkling altar of Nemelex Xobeh.
  7618 | D:6      | Noticed Blork the orc
  7632 | D:6      | Killed Blork the orc
  8605 | D:7      | Reached XP level 9. HP: 79/79 MP: 9/9
  8609 | D:7      | Reached skill level 9 in Long Blades
  8727 | D:7      | Found a huge runed translucent gate.
  8727 | D:7      | Found a huge runed translucent gate.
  8727 | D:7      | Found a huge runed translucent gate.
  8727 | D:7      | Found a huge runed translucent gate.
  8727 | D:7      | Noticed a polar bear
  8727 | D:7      | Noticed a death yak
  8727 | D:7      | Noticed a polar bear
  9194 | D:7      | Found Ojumoc's Antique Armour Emporium.
  9309 | D:7      | Noticed Maggie
  9335 | D:7      | Killed Maggie
  9589 | D:7      | Noticed a two-headed ogre
  9598 | D:7      | Killed a two-headed ogre
  9599 | D:7      | Reached skill level 10 in Long Blades
 10237 | D:8      | Found a staircase to the Lair.
 10237 | D:8      | Noticed a komodo dragon
 10245 | D:8      | Killed a komodo dragon
 10246 | D:8      | Reached XP level 10. HP: 90/90 MP: 10/10
 10486 | D:8      | Found Woinwis's Antique Weapon Boutique.
 10585 | D:8      | Bought an iridescent scimitar for 153 gold pieces
 10585 | D:8      | Identified the +0 scimitar of Vescha {freeze, rPois rN+}
                  | (You bought it in a shop on level 8 of the Dungeon)
 10789 | D:9      | Noticed a two-headed ogre
 10797 | D:9      | Killed a two-headed ogre
 10798 | D:9      | Reached skill level 11 in Long Blades
 11171 | D:10     | Entered Level 10 of the Dungeon
 11674 | D:10     | Noticed a purple ugly thing
 11684 | D:10     | Killed a purple ugly thing
 11685 | D:10     | Reached skill level 12 in Long Blades
 11690 | D:10     | Reached **** piety under Trog
 11754 | D:10     | Noticed a deep elf pyromancer
 12192 | D:10     | Killed a deep elf pyromancer
 12193 | D:10     | Reached skill level 13 in Long Blades
 12209 | D:10     | Identified the ring "Vysosima" {rC+ rN+ Will+ MP+9 SInv}
 12343 | D:10     | Found a portal to a secret trove of treasure.
 12462 | D:10     | Reached XP level 11. HP: 94/97 MP: 11/11
 13066 | D:11     | Killed an unseen horror
 13174 | D:11     | Noticed a white ugly thing
 13181 | D:11     | Killed a white ugly thing
 13182 | D:11     | Reached skill level 14 in Long Blades
 13473 | D:11     | Noticed a boulder beetle
 13487 | D:11     | Killed a boulder beetle
 13621 | D:11     | Noticed a red ugly thing
 13629 | D:11     | Killed a red ugly thing
 13767 | D:11     | Reached ***** piety under Trog
 14008 | D:11     | Noticed a boulder beetle
 14911 | D:11     | Killed a boulder beetle
 14912 | D:11     | Reached skill level 15 in Long Blades
 15131 | D:12     | Noticed a wolf spider
 15148 | D:11     | Killed a wolf spider
 15738 | Lair:1   | Entered Level 1 of the Lair of Beasts
 16213 | Lair:1   | Reached XP level 12. HP: 92/104 MP: 12/12
 16491 | Lair:1   | Reached skill level 16 in Long Blades
 17240 | Lair:2   | Noticed Gastronok
 17254 | Lair:2   | Killed Gastronok
 17913 | Lair:3   | Reached skill level 17 in Long Blades
 18944 | Lair:3   | Found a hole to the Spider Nest.
 19890 | Lair:4   | Reached skill level 18 in Long Blades
 20044 | Lair:4   | Noticed a five-headed hydra
 20046 | Lair:4   | Killed a five-headed hydra
 20208 | Lair:4   | Noticed an eight-headed hydra
 20215 | Lair:4   | Killed an eight-headed hydra
 20231 | Lair:4   | HP: 4/147 [hell rat (13)]
 20232 | Lair:4   | Slain by a hell rat

Illustrated notes

Levels and vault maps discovered:
D:1:      lemuel_arrival_hallway, layout_loops_ring
D:2:      layout_loops_corners, serial_bayou_lagoon_a
D:3:      layout_loops_ring, serial_bayou_pond_d, uniq_grinder, uniq_terence,
          uniq_crazy_yiuf_cottage
D:4:      layout_basic, tgw_fedhas, uniq_ijyb
D:5:      layout_basic, chequers_temple_overflow_statue_of_worship,
          minmay_temple_entry_slanted, ebering_ghost_inner_flame,
          nicolae_ossuary_entry_catacombs
D:6:      layout_basic, basic_altar, minmay_holes, uniq_blork_the_orc
D:7:      lemuel_bear_cage, layout_loops_ring, kennysheep_windowed_goal,
          uniq_maggie
D:8:      layout_loops_ring, david_lair_shrubbed, serial_shops, shop,
          corexii_mini_fake_secret_closet
D:9:      layout_cave_pools
D:10:     minmay_cut_squares, layout_layer_cave, nicolae_trove_entry_diagonal
D:11:     layout_roguey
D:12:     layout_rooms, orc_0_dummy, uniq_psyche
Lair:1:   layout_chaotic_city, infiniplex_staircase_pool, lemuel_fruit_tree
Lair:2:   layout_loops_ring, uniq_gastronok
Lair:3:   layout_gridlike, nicolae_spider_entry_non_spiders
Lair:4:   layout_cave_pods, nicolae_swamp_entry_splash_gauntlet,
          chequers_serial_rivers_micro_e, eino_house_with_fridge,
          infiniplex_staircase_pool_2

Skill      XL: |  1  2  3  4  5  6  7  8  9 10 11 12 |
---------------+-------------------------------------+-----
Dodging        | 3 4 5 6 7 |  7.6
Long Blades    | 4 5 6 7 8 10 13 15 18 | 18.1
Fighting       | 4 5 6 7 8 9 |  9.1

Action                   |  1- 3 |  4- 6 |  7- 9 | 10-12 || total
-------------------------+-------+-------+-------+-------++-------
Melee: Falchion          |    96 |       |       |       ||    96
       Tailslap          |    11 |    25 |    52 |    92 ||   180
       Long sword        |    19 |   105 |   321 |    10 ||   455
       Great sword       |       |       |       |   384 ||   384
       Scimitar          |       |       |       |    11 ||    11
 Fire: Shortbow          |       |       |    56 |   239 ||   295
Throw: Stone             |    25 |    80 |    75 |    40 ||   220
Invok: Berserk           |     2 |     4 |    14 |    21 ||    41
       Trog's Hand       |       |       |       |     1 ||     1
       Brothers in Arms  |       |       |       |     1 ||     1
 Abil: Breathe Lightning |       |       |     2 |     4 ||     6
Evoke: Wand              |       |       |       |     1 ||     1
  Use: Scroll            |       |     9 |     6 |     5 ||    20
       Potion            |       |       |       |     1 ||     1
 Stab: Sleeping          |       |     1 |       |       ||     1
Armor: Skin              |    30 |    33 |    80 |   160 ||   303
Dodge: Dodged            |    80 |    71 |   206 |   384 ||   741
       Rpst.: Falchion   |    23 |       |       |       ||    23
       Long sword        |     3 |    26 |    59 |       ||    88
       Great sword       |       |       |       |    84 ||    84
       Scimitar          |       |       |       |     6 ||     6

Table legend: (Time is in decaauts)
 A = Elapsed time spent in this place.
 B = Non-inter-level travel time spent in this place.
 C = Inter-level travel time spent in this place.
 D = Time resting spent in this place.
 E = Time spent auto-exploring this place.
 F = Levels seen in this place.
 G = Mean time per level.
                   A        B        C        D        E       F      G
               +--------+--------+--------+--------+--------+-----+--------+
         Total |  20622 |  20063 |    559 |   4416 |  12886 |  17 | 1213.1 |
       Dungeon |  15058 |  14606 |    452 |   3324 |   9315 |  12 | 1254.8 |
          Lair |   4510 |   4403 |    107 |    811 |   3066 |   4 | 1127.5 |
       Ossuary |   1053 |   1053 |      0 |    281 |    505 |   1 | 1053.0 |
               +--------+--------+--------+--------+--------+-----+--------+

Top non-repeatable levels by time:
    D:11: 2857 daAuts
  Lair:2: 1630 daAuts
     D:3: 1587 daAuts
     D:6: 1385 daAuts
    D:10: 1370 daAuts
     D:2: 1317 daAuts
     D:5: 1309 daAuts
     D:7: 1291 daAuts
  Lair:3: 1257 daAuts
     D:4: 1107 daAuts
 Ossuary: 1053 daAuts
     D:1: 1015 daAuts
     D:8: 917 daAuts
     D:9: 884 daAuts
  Lair:4: 816 daAuts
